 Dungeon Crawl Stone Soup version 0.20.1-1-g8b1a95d (webtiles) character file.

1800 empire the Firebug (level 8, -3/66 HPs)
             Began as a Grey Draconian Fire Elementalist on Oct 23, 2017.
             Was an Initiate of Sif Muna.
             Slain by an orc warrior
             ... wielding a +0 dire flail
              (25 damage)
             ... on level 6 of the Dungeon.
             The game lasted 00:18:06 (7256 turns).

empire the Firebug (DrFE)                           Turns: 7256, Time: 00:18:07

Health: -3/66      AC: 14    Str: 11    XL:     8   Next: 83%
Magic:  1/12       EV: 14    Int: 15    God:    Sif Muna [......]
Gold:   321        SH:  0    Dex: 14    Spells: 0/12 levels left

rFire    . . .     SeeInvis .   a - +0 dagger (vamp)
rCold    . . .     Gourm    .   (no shield)
rNeg     . . .     Faith    .   (armour unavailable)
rPois    .         Spirit   .   (helmet restricted)
rElec    .         Reflect  .   e - +0 cloak
rCorr    .         Harm     .   i - +1 pair of gloves
MR       .....                  (no boots)
Stlth    +++.......             (no amulet)
Regen    0.3/turn               (no ring)
MPRegen  0.2/turn               (no ring)

@: no status effects
A: walk through water, unfitting armour, unbreathing, cold-blooded, AC +11
a: Renounce Religion


You were on level 6 of the Dungeon.
You worshipped Sif Muna.
Sif Muna was noncommittal.
You were not hungry.

You visited 2 branches of the dungeon, and saw 7 of its levels.

You collected 321 gold pieces.

Inventory:

Hand Weapons
 a - a +0 vampiric dagger (weapon)
Armour
 e - a +0 cloak (worn)
 i - a +1 pair of gloves (worn)
Wands
 q - a wand of clouds (5/9)
Scrolls
 b - 2 scrolls of remove curse
 c - 4 scrolls of blinking
 d - a scroll of enchant armour
 j - 7 scrolls of teleportation
 m - 2 scrolls of magic mapping
 u - a scroll of fog
Potions
 l - a potion of haste
 p - a potion of ambrosia {unknown}
 s - a potion of cancellation
 t - a potion of flight
Books
 f - a book of Flames

   Spells                             Type                      Level
   a - Flame Tongue                   Conjuration/Fire             1
   b - Throw Flame                    Conjuration/Fire             2
   c - Conjure Flame                  Conjuration/Fire             3
   d - Inner Flame                    Hexes/Fire                   3
   e - Sticky Flame                   Conjuration/Fire             4
   f - Fireball                       Conjuration/Fire             5
Comestibles
 g - 2 chunks of flesh
 h - 4 bread rations
 k - 2 royal jellies
 n - a fruit
 o - a meat ration


   Skills:
 - Level 4.0 Fighting
 + Level 4.5 Short Blades
 + Level 4.2 Dodging
 + Level 5.0 Stealth
 - Level 2.6 Spellcasting
 + Level 4.8 Conjurations
 + Level 5.6 Fire Magic


You couldn't memorise any spells.
You knew the following spells:

 Your Spells              Type           Power        Failure   Level  Hunger
a - Flame Tongue          Conj/Fire      ###..        2%          1    #......
b - Throw Flame           Conj/Fire      ###...       3%          2    ##.....
c - Sticky Flame          Conj/Fire      ###.....     24%         4    #####..
d - Fireball              Conj/Fire      ###.......   54%         5    ######.


Dungeon Overview and Level Annotations

Branches:
Dungeon (6/15)             Temple (1/1) D:5

Altars:
Ashenzari
Dithmenos
Fedhas
Gozag
Hepliaklqana
Kikubaaqudgha
Nemelex Xobeh
Okawaru
Qazlal
Ru
Sif Muna
Trog
Uskayaw
Vehumet
Xom
Yredelemnul
Zin
The Shining One


Innate Abilities, Weirdness & Mutations

You can walk through water.
Your dull iron-grey scales are very hard. (AC +11)
You cannot fit into any form of body armour.
You can survive without breathing.
You are cold-blooded and may be slowed by cold attacks.


Message History

The flame tongue hits the orc warrior.
The orc warrior appears unharmed.
The orc warrior is almost dead.
The orc warrior misses you. The shadow imp closely misses you.
Casting: Flame Tongue
Confirm with . or Enter, or press ? or * to list all spells.
You don't have enough magic to cast that spell.
Unknown command.
You hit the orc warrior but do no damage.
The orc warrior is almost dead.
The orc warrior misses you. The shadow imp barely misses you.
You hit the orc warrior but do no damage.
The orc warrior is almost dead.
The orc warrior hits you but does no damage.
You hit the orc warrior but do no damage.
The orc warrior is almost dead.
The shadow imp barely misses you.
You barely miss the orc warrior.
The orc warrior is almost dead.
The orc warrior hits you with a dire flail!!
You die...

.... #...# ###
....##...####
>...........#
............#
............###########
.?....)........<.......
####........###########
#...))...# #...@o...#
#....5...# ##########


You could see an orc warrior and a shadow imp.

Vanquished Creatures
  Grinder (D:4)
  Prince Ribbit (D:5)
  Menkaure (D:5)
  A water moccasin (D:5)
  A black bear (D:6)
  3 ogres
  A bullfrog (D:6)
  Blork the orc (D:5)
  3 howler monkeys
  A centaur zombie (D:6)
  A bullfrog zombie (D:6)
  2 hounds
  A centaur skeleton (D:4)
  3 worker ants
  2 iguanas
  2 orc wizards
  A hound skeleton (D:5)
  Robin (D:4)
  9 gnolls
  5 adders
  A howler monkey skeleton (D:4)
  2 oozes
  3 worms
  3 leopard geckos (D:5)
  11 orcs
  A ball python (D:1)
  5 bats
  8 giant cockroaches
  17 goblins
  9 hobgoblins
  8 jackals
  2 quokkas
  2 frilled lizards
  10 kobolds
  A quokka skeleton (D:4)
  5 rats
129 creatures vanquished.

Notes
Turn   | Place    | Note
-------+----------+-------------------------------------------
     0 | D:1      | empire the Draconian Fire Elementalist began the quest for the Orb.
     0 | D:1      | Reached XP level 1. HP: 14/14 MP: 3/3
   433 | D:1      | Reached XP level 2. HP: 6/20 MP: 0/5
  1501 | D:2      | Learned a level 2 spell: Throw Flame
  1689 | D:2      | Reached XP level 3. HP: 10/26 MP: 4/6
  1722 | D:2      | Reached skill level 1 in Short Blades
  2680 | D:2      | Reached XP level 4. HP: 34/34 MP: 6/8
  3473 | D:3      | Reached XP level 5. HP: 2/39 MP: 3/9
  3478 | D:3      | Reached skill level 1 in Fighting
  3912 | D:4      | Noticed an ogre
  3934 | D:4      | Killed an ogre
  4044 | D:4      | Learned a level 4 spell: Sticky Flame
  4104 | D:4      | Reached XP level 6. HP: 48/48 MP: 10/10
  4334 | D:4      | Noticed Robin
  4343 | D:4      | Killed Robin
  4532 | D:4      | Found a sacrificial altar of Ru.
  4604 | D:4      | Noticed Grinder
  4650 | D:4      | Killed Grinder
  4650 | D:4      | Your scales start taking on a dull iron-grey colour.
  4650 | D:4      | Reached XP level 7. HP: 35/56 MP: 1/11
  4650 | D:4      | Gained mutation: You can survive without breathing. [Grey Draconian growth]
  4770 | D:4      | Found an opulent altar of Gozag.
  4945 | D:5      | Entered Level 5 of the Dungeon
  5022 | D:5      | Noticed Menkaure
  5042 | D:5      | Noticed a water elemental
  5057 | D:5      | Killed Menkaure
  5251 | D:5      | Found a stormy altar of Qazlal.
  5252 | D:5      | Noticed an air elemental
  5252 | D:5      | Noticed a fire elemental
  5255 | D:5      | Noticed Prince Ribbit
  5276 | D:5      | Reached XP level 8. HP: 63/63 MP: 1/12
  5286 | D:5      | HP: 1/63 [Prince Ribbit (11)]
  5288 | D:5      | Found a staircase to the Ecumenical Temple.
  5299 | Temple   | Entered the Ecumenical Temple
  5401 | Temple   | Became a worshipper of Sif Muna the Loreminder
  5618 | Temple   | Learned a level 5 spell: Fireball
  5643 | D:5      | Found a sparkling altar of Nemelex Xobeh.
  5809 | D:5      | Noticed Blork the orc
  5846 | D:5      | Killed Blork the orc
  5846 | D:5      | Reached skill level 5 in Fire Magic
  7169 | D:5      | Killed Prince Ribbit
  7244 | D:6      | Reached skill level 5 in Stealth
  7256 | D:6      | Slain by an orc warrior

Skill      XL: |  1  2  3  4  5  6  7  8 |
---------------+-------------------------+-----
Dodging        | 2 3 4 |  4.2
Short Blades   | 1 2 3 4 |  4.5
Stealth        | 2 3 4 5 |  5.0
Fighting       | 1 2 3 4 |  4.0
Conjurations   | 2 3 4 |  4.8
Fire Magic     | 4 5 |  5.6
Spellcasting   | |  2.6

Action                   |  1- 3 |  4- 6 |  7- 9 || total
-------------------------+-------+-------+-------++-------
Melee: Unarmed           |    24 |       |       ||    24
       Tailslap          |    17 |    14 |    29 ||    60
       Dagger            |   176 |   191 |   242 ||   609
 Cast: Flame Tongue      |    36 |    51 |    97 ||   184
       Throw Flame       |       |     5 |     7 ||    12
  Use: Potion            |     4 |     1 |     3 ||     8
       Scroll            |     3 |       |    11 ||    14
 Stab: Sleeping          |     4 |     8 |     4 ||    16
  Eat: Chunk             |     6 |     7 |     9 ||    22
       Bread ration      |     1 |       |       ||     1
       Fruit             |       |       |     2 ||     2
Armor: Skin              |    59 |    41 |   103 ||   203
Dodge: Dodged            |   130 |   128 |   194 ||   452
